 Dungeon Crawl Stone Soup version 0.19.5 (webtiles) character file.

10928 RUZZLEFAZAZZLE the Cleaver (level 11, 0/108 HPs)
             Began as a Hill Orc Fighter on Apr 17, 2017.
             Was an Initiate of Gozag.
             Slain by a large abomination (22 damage)
             ... on level 2 of the Abyss.
             The game lasted 00:39:40 (9910 turns).

RUZZLEFAZAZZLE the Cleaver (Hill Orc Fighter)       Turns: 9910, Time: 00:39:41

Health: 0/108      AC: 25    Str: 25    XL:     11   Next: 69%
Magic:  9/9        EV:  7    Int: 10    God:    Gozag
Gold:   2593       SH:  4    Dex:  7    Spells: 0 memorised, 10 levels left

rFire  . . .     SeeInvis .     C - +3 battleaxe
rCold  + . .     Gourm    .     D - +5 plate armour of Disguise {Regen+ Dex-3 Slay+2}
rNeg   . . .     Faith    .     (shield currently unavailable)
rPois  .         Spirit   .     (helmet restricted)
rElec  +         Reflect  .     r - +0 cloak
rCorr  .         Harm     +     g - +1 pair of gloves
MR     .....                    t - +1 pair of boots
Stlth  ..........               j - amulet of harm
                                c - ring of the Camelopard {rElec Str+5 Dex-2 Stlth-}
                                l - +3 ring of strength

@: no status effects
A: horns 1, large bone plates 1, clever 1, cold resistance 1, low mp 1, mutation
resistance 1, weak 2
a: Potion Petition, Call Merchant, Bribe Branch, Renounce Religion


You were on level 2 of the Abyss.
You worshipped Gozag.
Gozag was most pleased with you.
You were not hungry.

You visited 3 branches of the dungeon, and saw 13 of its levels.
You visited the Abyss 1 time.
You also visited: Ossuary.

You collected 2633 gold pieces.
You paid 40 gold pieces to Gozag.

Inventory:

Hand Weapons
 C - a +3 battleaxe (weapon)
Armour
 d - a +2 plate armour of cold resistance
 g - a +1 pair of gloves (worn)
 o - a +0 helmet
 r - a +0 cloak (worn)
 t - a +1 pair of boots (worn)
 D - the +5 plate armour of Disguise (worn) {Regen+ Dex-3 Slay+2}
   (You found it on level 9 of the Dungeon)

   It affects your dexterity (-3).
   It affects your accuracy and damage with ranged weapons and melee attacks
   (+2).
   It increases your rate of regeneration.
Jewellery
 c - the ring of the Camelopard (right hand) {rElec Str+5 Dex-2 Stlth-}
   (You took it off a centaur on level 9 of the Dungeon)

   [ring of loudness]

   It affects your strength (+5).
   It affects your dexterity (-2).
   It insulates you from electricity.
   It makes you less stealthy.
 j - an amulet of harm (around neck)
 l - a +3 ring of strength (left hand)
 q - an uncursed ring of protection from fire
 s - an uncursed ring of teleportation
 y - an uncursed amulet of the gourmand
Scrolls
 b - a scroll of magic mapping
 e - 4 scrolls of remove curse
 n - 6 scrolls of identify
 u - a scroll of fear
 v - 2 scrolls of enchant weapon
 w - 2 scrolls of teleportation
 x - a scroll of fog
 B - a scroll of enchant armour
 E - 2 scrolls of immolation
 F - a scroll of holy word
 G - a scroll of recharging {unknown}
Potions
 h - 2 potions of heal wounds
 k - 13 potions of curing
 m - 3 potions of agility
 p - 3 potions of flight
 z - 3 potions of brilliance
Books
 a - a book of Minor Magic

   Spells                             Type                      Level
   a - Magic Dart                     Conjuration                  1
   b - Blink                          Translocation                2
   c - Call Imp                       Summoning                    2
   d - Repel Missiles                 Charms/Air                   2
   e - Slow                           Hexes                        2
   f - Conjure Flame                  Conjuration/Fire             3
   g - Mephitic Cloud                 Conjuration/Poison/Air       3
 A - a book of Maledictions

   Spells                             Type                      Level
   a - Corona                         Hexes                        1
   b - Ensorcelled Hibernation        Hexes/Ice                    2
   c - Confuse                        Hexes                        3
   d - Tukima's Dance                 Hexes                        3
   e - Dazzling Spray                 Conjuration/Hexes            3
Comestibles
 f - 10 bread rations
 i - 3 fruits


   Skills:
 + Level 13.7 Fighting
 + Level 14.5 Axes
 * Level 9.4 Armour
   Level 3.2 Shields


You had 10 spell levels left.
You didn't know any spells.

Dungeon Overview and Level Annotations

Branches:
Dungeon (10/15)            Temple (1/1) D:4            Lair (0/6) D:10
    Orc (2/2) D:10            Elf (0/3) Orc:2

Altars:
Ashenzari
Cheibriados
Dithmenos
Elyvilon
Fedhas
Gozag
Hepliaklqana
Kikubaaqudgha
Makhleb
Nemelex Xobeh
Okawaru
Qazlal
Ru
Sif Muna
Trog
Uskayaw
Vehumet
Xom
Yredelemnul
Zin
The Shining One
Beogh

Shops:
D:10 *

Annotations:
Orc:2 Erolcha


Innate Abilities, Weirdness & Mutations

You have a pair of small horns on your head.
You are partially covered in large bone plates. (SH +4)
Your mind is acute. (Int +2)
Your flesh is cold resistant. (rC+)
Your magical capacity is low. (-10% MP)
You are somewhat resistant to further mutation.
[You are very weak. (Str -4)]


Message History

You slash the wretched star!
You destroy the wretched star!
You start resting.
A large abomination comes into view.
The large abomination completely misses you.
You barely miss the large abomination.
Your headbutt misses the large abomination.
The large abomination hits you!!
You hit the large abomination.
The large abomination is lightly damaged.
The large abomination hits you but does no damage.
You hit the large abomination.
The large abomination is lightly damaged.
The large abomination hits you!
* * * LOW HITPOINT WARNING * * *
You slash the large abomination!
The large abomination is heavily damaged.
The large abomination hits you!!
You die...
Your body crumbles into a pile of gold.

# # ## . # .
. # ## . #
#.##...# # .
. #..#.###
## .
###...$$###
# .≈#≈§
..........#.
.. #≈ .
.#####.##@#
.. . ##
.###..X...#
≈ #......###
# #...#.##
#≈ ≈≈ #.#..
.# ####. .#
≈ ##..# . ♣
## #≈


You could see a large abomination.

Vanquished Creatures
  A thrashing horror (Abyss:2)
  A wretched star (Abyss:2)
  A sixfirhy (Abyss:2)
  Pikel (D:5)
  Maurice (D:9)
  The ghost of RUZZLEFAZAZZLE the Chopper, a novice HOFi (D:5)
  A komodo dragon (D:10)
  An ancient zyme (Abyss:2)
  A troll (Orc:2)
  Prince Ribbit (D:5)
  A spriggan (D:7)
  A wyvern (D:9)
  5 yaks (D:9)
  Sigmund (D:4)
  Eustachio (D:5)
  2 large abominations (Abyss:2)
  2 hungry ghosts
  A neqoxec (Abyss:2)
  A small abomination (Abyss:2)
  A porcupine (D:10)
  5 orc warriors
  An ice beast (D:10)
  A hornet zombie (D:9)
  3 sky beasts
  2 slaves (D:5)
  3 phantoms
  A necrophage (D:7)
  5 centaurs
  6 ogres
  2 crocodiles (D:10)
  2 bullfrogs (D:9)
  A gnoll sergeant (D:5)
  4 scorpions
  8 wights
  3 howler monkeys
  4 crimson imps
  A bullfrog zombie (D:5)
  A centaur zombie (D:8)
  A hound (D:8)
  3 centaur skeletons
  5 orc priests
  3 bullfrog skeletons
  A jelly (D:8)
  12 orc wizards
  2 iguanas
  5 worker ants
  2 hell rats (D:10)
  A big kobold zombie (Ossuary)
  5 mummies (Ossuary)
  A hound skeleton (D:8)
  A worker ant zombie (D:10)
  3 gnolls (D:5)
  10 adders
  5 shadow imps
  3 oozes
  2 adder zombies (D:5)
  2 adder skeletons (D:5)
  3 worms
  3 dart slugs
  5 leopard geckos
  45 orcs
  18 giant cockroaches
  3 gnoll zombies (Ossuary)
  8 goblins
  7 hobgoblins
  11 jackals
  3 quokkas
  A ball python (D:3)
  A ball python skeleton (D:4)
  4 bats
  5 frilled lizards
  A goblin zombie (Ossuary)
  A jackal skeleton (D:5)
  8 kobolds
  A kobold zombie (Ossuary)
  2 orc zombies (Ossuary)
  A quokka zombie (D:6)
  10 rats
  A butterfly (D:4)
288 creatures vanquished.

Vanquished Creatures (others)
  A lurking horror (Abyss:2)
1 creature vanquished.

Grand Total: 289 creatures vanquished

Notes
Turn   | Place    | Note
-------+----------+-------------------------------------------
     0 | D:1      | RUZZLEFAZAZZLE the Hill Orc Fighter began the quest for the Orb.
     0 | D:1      | Reached XP level 1. HP: 19/19 MP: 1/1
    31 | D:1      | Reached skill level 3 in Axes
    82 | D:1      | Reached XP level 2. HP: 27/27 MP: 2/2
   865 | D:2      | Reached XP level 3. HP: 33/33 MP: 3/3
   918 | D:2      | Reached skill level 4 in Axes
  1048 | D:2      | Reached XP level 4. HP: 41/41 MP: 4/4
  1372 | D:2      | Found an opulent altar of Gozag.
  1377 | D:2      | Reached skill level 5 in Fighting
  1403 | D:2      | Became a worshipper of Gozag Ym Sagoz the Greedy
  1683 | D:3      | Noticed a phantom
  1872 | D:3      | Killed a phantom
  1872 | D:3      | Reached skill level 5 in Axes
  1872 | D:3      | Reached XP level 5. HP: 40/50 MP: 5/5
  2096 | D:3      | Reached skill level 6 in Axes
  2176 | D:3      | Reached XP level 6. HP: 48/57 MP: 6/6
  2939 | D:4      | Found a staircase to the Ecumenical Temple.
  2970 | D:4      | Reached skill level 7 in Axes
  2970 | D:4      | Reached XP level 7. HP: 43/64 MP: 7/7
  3094 | Temple   | Entered the Ecumenical Temple
  3471 | D:5      | Entered Level 5 of the Dungeon
  3471 | D:5      | Noticed Sigmund
  3499 | D:4      | Killed Sigmund
  3617 | D:5      | Noticed RUZZLEFAZAZZLE's ghost (novice HOFi)
  3633 | D:5      | HP: 3/66 [RUZZLEFAZAZZLE's ghost (16)]
  3639 | D:5      | Killed RUZZLEFAZAZZLE's ghost
  3639 | D:5      | Reached skill level 9 in Axes
  3639 | D:5      | Reached XP level 8. HP: 2/75 MP: 8/8
  3714 | D:5      | Found a sand-covered staircase.
  3723 | Ossuary  | Entered an ossuary
  4202 | Ossuary  | Gained mutation: Your mind is acute. (Int +2) [potion of mutation]
  4202 | Ossuary  | Gained mutation: Your flesh is cold resistant. (rC+) [potion of mutation]
  4202 | Ossuary  | Gained mutation: You are somewhat resistant to further mutation. [potion of mutation]
  4203 | Ossuary  | Gained mutation: You have a pair of small horns on your head. [potion of mutation]
  4203 | Ossuary  | Gained mutation: You are partially covered in large bone plates. (SH +4) [potion of mutation]
  4204 | Ossuary  | Gained mutation: You are somewhat resistant to both further mutation and mutation removal. [potion of mutation]
  4205 | Ossuary  | Lost mutation: You are somewhat resistant to both further mutation and mutation removal. [potion of mutation]
  4307 | D:5      | Noticed Eustachio
  4312 | D:5      | Killed Eustachio
  4338 | D:5      | Noticed Prince Ribbit
  4342 | D:5      | Reached skill level 10 in Axes
  4345 | D:5      | Killed Prince Ribbit
  4349 | D:5      | Reached skill level 10 in Fighting
  4349 | D:5      | Reached XP level 9. HP: 52/85 MP: 9/9
  4391 | D:5      | Noticed Pikel
  4407 | D:5      | Killed Pikel
  4407 | D:5      | Reached skill level 11 in Axes
  5381 | D:6      | Reached skill level 12 in Axes
  5936 | D:7      | Reached XP level 10. HP: 97/97 MP: 10/10
  6517 | D:7      | Reached skill level 13 in Axes
  7334 | D:9      | Got a serpentine granite ring
  7737 | D:9      | Noticed Maurice
  7769 | D:9      | Killed Maurice
  7769 | D:9      | Reached skill level 5 in Armour
  7967 | D:9      | Identified the ring of the Camelopard {rElec Str+5 Dex-2 Stlth-} (You took it off a centaur on level 9 of the Dungeon)
  7987 | D:9      | Reached XP level 11. HP: 53/107 MP: 11/11
  8293 | D:9      | Got a spiked plate armour
  8304 | D:9      | Identified the +5 plate armour of Disguise {Regen+ Dex-3 Slay+2} (You found it on level 9 of the Dungeon)
  8532 | D:10     | Entered Level 10 of the Dungeon
  8669 | D:10     | Found Duuxett's Assorted Antiques.
  8689 | D:10     | Reached skill level 14 in Axes
  8754 | D:10     | Found a staircase to the Orcish Mines.
  8793 | D:10     | Found a roughly hewn altar of Beogh.
  9100 | D:10     | Found a staircase to the Lair.
  9399 | Orc:1    | Entered Level 1 of the Orcish Mines
  9569 | Orc:2    | Entered Level 2 of the Orcish Mines
  9569 | Orc:2    | Found a staircase to the Elven Halls.
  9588 | Orc:2    | Found a shimmering altar of Xom.
  9590 | Orc:2    | Noticed Erolcha
  9595 | Orc:2    | Cast into level 2 of the Abyss (Erolcha)
  9595 | Abyss:2  | Found a corrupted altar of Lugonu.
  9724 | Abyss:2  | Found a corrupted altar of Lugonu.
  9776 | Abyss:2  | Noticed a thrashing horror
  9777 | Abyss:2  | Noticed a sixfirhy
  9780 | Abyss:2  | Killed a sixfirhy
  9785 | Abyss:2  | Killed a thrashing horror
  9840 | Abyss:2  | Gained mutation: Your magical capacity is low. (-10% MP) [a neqoxec]
  9842 | Abyss:2  | Noticed a wretched star
  9854 | Abyss:2  | Killed a wretched star
  9905 | Abyss:2  | Noticed a large abomination
  9910 | Abyss:2  | Slain by a large abomination

Skill      XL: |  1  2  3  4  5  6  7  8  9 10 11 |
---------------+----------------------------------+-----
Axes           | 3 4 5 6 7 9 10 12 13 14 | 14.5
Fighting       | 4 5 6 8 10 11 13 | 13.7
Armour         | 6 9 |  9.4
Shields        | |  3.2

Action                   |  1- 3 |  4- 6 |  7- 9 | 10-12 || total
-------------------------+-------+-------+-------+-------++-------
Melee: War axe           |   108 |   181 |   262 |       ||   551
       Headbutt          |       |       |    34 |    41 ||    75
       Battleaxe         |       |       |    14 |   268 ||   282
Throw: Throwing net      |       |     1 |       |       ||     1
Invok: Potion Petition   |       |       |     1 |       ||     1
  Use: Potion            |     4 |       |    12 |     1 ||    17
       Scroll            |     2 |     2 |    10 |     4 ||    18
 Stab: Distracted        |       |     1 |     1 |       ||     2
  Eat: Chunk             |     1 |     2 |       |       ||     3
       Pizza             |       |     1 |       |       ||     1
       Fruit             |       |     2 |     1 |     4 ||     7
       Bread ration      |       |     1 |     1 |     1 ||     3
       Royal jelly       |       |       |     1 |       ||     1
       Meat ration       |       |       |       |     1 ||     1
       Beef jerky        |       |       |       |     1 ||     1
Armor: Scale mail        |    43 |    79 |       |       ||   122
       Chain mail        |       |       |    96 |    60 ||   156
       Plate armour      |       |       |       |    75 ||    75
Dodge: Dodged            |    26 |    43 |    42 |    77 ||   188
Block: Shield            |    42 |    87 |   150 |       ||   279
       Other             |       |       |     2 |    46 ||    48
